Map: Tokamak LE

Players

grannit

  • Race: Zerg Zerg
  • League: Diamond
  • Spawn Location: 1:00

LigerMaNN - Winner!

  • Race: Zerg Zerg
  • League: Diamond
  • Spawn Location: 7:00

VOD

Have the link to the VOD?

Description

Time

  • Played on: July 1, 2025, 11:38 p.m.
  • Length: 8:51
Show
View Real Time Build Order
Export as new Build Order

grannit Zerg 

Build Orders: Hatch First 

Get SALT Encoding   

  12  0:00  Drone  
  13  0:08  Drone  
  14  0:14  Extractor  
  14  0:15  Drone  
  15  0:35  Hatchery  
  15  0:42  Drone, Extractor  
  14  0:47  Overlord  
  15  1:02  Spawning Pool  
  14  1:05  Drone  
  14  1:08  Drone  
  14  1:10  Extractor  
  15  1:13  Drone  
  15  1:17  Drone  
  17  1:33  Drone  
  18  1:44  Drone  
  19  1:49  Queen x2  
  19  1:51  Drone  
  19  1:54  Drone  
  25  2:00  Drone  
  27  2:01  Drone  
  27  2:09  Overlord  
  27  2:27  Hatchery  
  26  2:32  Queen  
  26  2:36  Drone  
  29  2:38  Drone  
  30  2:44  Zergling x4  
  30  2:46  Zergling x2  
  33  2:51  Drone  
  33  2:52  Drone  
  35  3:00  Overlord  
  35  3:09  Drone  
  36  3:17  Roach Warren  
  35  3:23  Overlord  
  35  3:25  Drone x2  
  35  3:26  Drone  
  38  3:28  Queen  
  40  3:40  Drone x2, Evolution Chamber  
  40  3:41  Drone x2  
  40  3:56  Spine Crawler  
  40  4:01  Spine Crawler  
  38  4:06  Roach x3  
  38  4:07  Roach x2  
  48  4:12  Roach x2  
  50  4:22  Roach  
  50  4:23  Roach  
  52  4:29  Roach x4  
  58  4:38  Roach  
  58  4:54  Overlord  
  58  5:06  Hatchery  
  57  5:07  Overlord x2  
  57  5:12  Queen  
  59  5:15  Drone, Queen  
  55  5:23  Spore Crawler  
  55  5:26  Spore Crawler  
  55  5:28  Drone x5  
  58  5:50  Drone x3  
  58  5:51  Drone x2  
  63  6:01  Roach  
  65  6:05  Lair  
  65  6:10  Extractor  
  64  6:11  Drone x2  
  64  6:13  Extractor  
  65  6:18  Queen  
  65  6:22  Roach  
  65  6:23  Roach x2  
  73  6:38  Drone x6  
  73  6:39  Drone  
  73  6:58  Roach x2  
  73  6:59  Roach x3  
  69  7:09  Drone x2  
  70  7:24  Drone x2  
  70  7:25  Drone x4  
  76  7:32  Drone  
  77  7:43  Extractor  
  76  7:57  Roach x2  
  72  8:06  Roach x4  
Show
View Real Time Build Order
Export as new Build Order

LigerMaNN Zerg - Winner!

Build Orders: Hatch First 

Get SALT Encoding   

  12  0:01  Drone  
  13  0:12  Overlord  
  13  0:16  Drone  
  14  0:32  Drone x2  
  16  0:37  Drone  
  17  0:53  Hatchery  
  17  0:55  Drone  
  17  0:57  Drone  
  18  1:10  Extractor  
  17  1:12  Spawning Pool  
  17  1:16  Drone  
  17  1:20  Drone  
  18  1:29  Drone  
  19  1:41  Drone  
  20  1:52  Overlord  
  20  2:05  Queen x2  
  20  2:06  Zergling x4  
  26  2:13  Metabolic Boost  
  26  2:21  Drone x2  
  28  2:33  Drone x3  
  31  2:43  Hatchery  
  30  2:48  Drone  
  30  2:49  Drone  
  31  3:00  Baneling Nest  
  31  3:02  Overlord  
  31  3:05  Zergling x6  
  33  3:11  Spine Crawler  
  32  3:21  Zergling x10  
  32  3:23  Zergling x2  
  38  3:39  Zergling x10  
  43  3:56  Queen  
  43  3:58  Zergling x8  
  43  3:59  Overlord  
  43  4:01  Overlord  
  47  4:10  Zergling x6  
  31  4:55  Baneling x2  
  31  4:56  Drone  
  31  4:57  Drone x11  
  43  5:02  Roach Warren  
  43  5:05  Evolution Chamber  
  41  5:18  Zergling x14  
  47  5:23  Spine Crawler  
  47  5:25  Spine Crawler  
  45  5:31  Lair  
  45  5:34  Zergling x16  
  53  5:53  Zergling x16  
  53  5:54  Zergling x2  
  62  6:03  Drone x3  
  65  6:04  Drone, Extractor  
  65  6:05  Drone  
  66  6:23  Overlord x6  
  55  6:59  Drone x15  
  55  7:00  Drone x2  
  65  7:10  Extractor  
  65  7:12  Extractor  
  61  7:27  Glial Reconstitution  
  61  7:28  Zergling x2  
  61  7:29  Zergling x12  
  68  7:48  Roach  
  68  7:49  Roach x9  
  84  8:01  Roach x6  
  92  8:06  Roach Warren  
  92  8:08  Roach x2  
  92  8:09  Roach  
  92  8:17  Roach x3  
  95  8:25  Roach  
  95  8:26  Roach x3  
Tags
 
Matchup
ZvZ
Race
Zerg
Replay Pack
June 2025
Spawn Locations
Cross Positions
Add a new tag
Caveats
  • Supply blocks, unpowered buildings, or Contaminate may cause inaccurate times.
  • Supply counts are checked every 10 seconds.